AoeStats
← Sir Mandelbrot

Glade

510364424Analyzed
1v1 RM · 3d ago on Sep 30, 2026· 41m 38s· 2 players
Game mode
Random Map
Map size
Tiny (2 player)
Population
200
Speed
Normal
Resources
Standard
Victory
Conquest
Starting age
Dark Age
Ending age
Imperial Age
RankedLock teamsTeams togetherTeam positionsShared explorationLock speedFull tech treeHidden civsTurbo modeCheats
Victory
Defeat
🇨🇴 Danes · Colombia
818
+17
🇫🇷 Inca · France
829
-17
Sir Mandelbrot
10:09 Feudal Age
10:05 Loom
10:52 Double-Bit Axe
13:42 Horse Collar
19:20 Castle Age
18:03 Fletching
18:17 Padded Archer Armor
20:01 Wheelbarrow
19:13 Town Watch
19:19 Town Watch
20:26 Bow Saw
21:55 Heavy Plow
21:25 Elite Skirmisher
22:03 Bodkin Arrow
22:49 Gold Mining
27:06 Scale Mail Armor
27:17 Forging
29:49 Chain Mail Armor
31:22 Squires
31:10 Arson
30:50 Hamask
35:07 Hand Cart
38:12 Imperial Age
39:11 Gold Shaft Mining
39:16 Iron Casting
38:25 Elite Jomsviking
39:27 Conscription
39:11 Capped Ram
TefNil
11:09 Feudal Age
11:54 Double-Bit Axe
13:51 Padded Archer Armor
13:42 Fletching
23:08 Castle Age
21:46 Wheelbarrow
22:17 Champi Runner
24:41 Bow Saw
25:04 Leather Archer Armor
24:51 Scale Mail Armor
26:05 Hand Cart
28:29 Elite Skirmisher
29:30 Gold Mining
29:09 Champi Warrior
30:50 Gold Shaft Mining
35:44 Bodkin Arrow
36:33 Chain Mail Armor
36:31 Forging
37:47 Horse Collar
42:18 Imperial Age
Connection lost

Rejoining the realm…

Still unreachable

The connection could not be restored.

Session expired

The server has moved on; the page needs a fresh start.